 Dungeon Sprint DCSS version 0.26-a0-682-g294304f6e8 (webtiles) character file.

Game seed: 9149461322692588584

408 mhtbhm the Cleaver (level 6, -6/67 HPs)
             Began as a Minotaur Berserker on Oct 20, 2020.
             Was a High Priest of Trog.
             Mangled by a mummy (13 damage)
             ... in the Dungeon (Sprint VII: "The Pits").
             The game lasted 00:00:48 (309 turns).

mhtbhm the Cleaver (Minotaur Berserker)              Turns: 309, Time: 00:00:48

Health: -6/67      AC:  0    Str: 23    XL:     6   Next: 57%
Magic:  5/5        EV: 14    Int:  4    God:    Trog [*****.]
Gold:   0          SH:  0    Dex: 10    Spells: 5/5 levels left

rFire    . . .     SeeInvis .   a - +0 hand axe (vorpal)
rCold    . . .     Faith    .   (no shield)
rNeg     . . .     Spirit   .   (no armour)
rPois    .         Reflect  .   (helmet restricted)
rElec    .         Harm     .   (no cloak)
rCorr    .         Rampage  .   (no gloves)
MR       .....     NoTele   +   (no boots)
Stlth    +.........             (no amulet)
HPRegen  0.21/turn              (no ring)
MPRegen  0.09/turn              (no ring)

@: berserk cooldown, slowed, very slow
A: retaliatory headbutt, horns 2
a: Berserk, Trog's Hand, Brothers in Arms, Renounce Religion


You were in the Dungeon.
You worshipped Trog.
Trog was extremely pleased with you.
You visited 1 branch

Inventory:

Hand Weapons
 a - a +0 vorpal hand axe (weapon)
Armour
 b - a +3 scale mail
Scrolls
 h - a scroll of blinking
 j - 3 scrolls of remove curse
 k - a scroll of summoning
Potions
 c - 6 potions of curing
 d - 6 potions of heal wounds
 e - a potion of haste
 f - 4 potions of magic
 g - 2 potions of berserk rage
 i - 2 potions of invisibility


   Skills:
 + Level 10.9 Fighting
 + Level 11.4 Axes
 + Level 5.9 Armour
 + Level 5.5 Dodging


You had 5 spell levels left.
You didn't know any spells.
Your spell library was empty.

Dungeon Overview and Level Annotations

Branches:
Dungeon (1/1)

Altars:
Cheibriados
Dithmenos
Elyvilon
Fedhas
Gozag
Hepliaklqana
Makhleb
Nemelex Xobeh
Okawaru
Qazlal
Ru
Sif Muna
Trog
Wu Jian
Xom
Yredelemnul
Zin
The Shining One
Jiyva


Innate Abilities, Weirdness & Mutations

You reflexively headbutt those who attack you in melee.
You have a pair of horns on your head.


Message History

Trog accepts your kill.
Trog appreciates your killing of a magic user.
You slash the bullfrog!
The orc throws a boomerang.
The boomerang closely misses you.
The weapon returns to the orc!
The bullfrog hits you!
* * * LOW HITPOINT WARNING * * *
Things that are here:
a +0 dagger; a +0 robe You closely miss the orc.
You slash the bullfrog!
You kill the bullfrog!
Trog accepts your kill.
Your Axes skill increases to level 11!
You slash the mummy!
You are no longer berserk.
You are exhausted.
You feel yourself slow down.
The orc hits you with a cursed -1 short sword.
* * * LOW HITPOINT WARNING * * *
The mummy hits you!
You die...

#.#..'...#.##.......#
#.#..†.).†.##.......#
#.#..########...<...#
#.#..'[))).##.......#
#.#..#[))).##.......#
#)###########.......#
#)))†...# #########
#))#†#..# #.##@# #
#..Mo...# #.##.##.#
#..#.# # #.F...
######


You could see a mummy and an orc.

Vanquished Creatures
  An ice beast (D)
  A necrophage (D)
  A bullfrog (D)
  4 orc priests (D)
  An orc wizard (D)
  A river rat (D)
  4 orcs (D)
  A giant cockroach (D)
  3 goblins (D)
  6 jackals (D)
  A kobold (D)
  A rat (D)
25 creatures vanquished.

Notes
Turn   | Place    | Note
-------+----------+-------------------------------------------
     0 | D        | mhtbhm the Minotaur Berserker began the quest for the Orb.
     0 | D        | Reached XP level 1. HP: 19/19 MP: 0/0
    10 | D        | Noticed a necrophage
    10 | D        | Noticed an eye of draining
    20 | D        | Killed a necrophage
    20 | D        | Reached skill level 7 in Axes
    20 | D        | Reached XP level 2. HP: 34/34 MP: 1/1
    20 | D        | Reached XP level 3. HP: 39/39 MP: 2/2
    20 | D        | Reached XP level 4. HP: 47/47 MP: 3/3
    88 | D        | Found a bloodstained altar of Trog.
    88 | D        | Found a shimmering blue altar of Sif Muna.
    88 | D        | Found a viscous altar of Jiyva.
    88 | D        | Found a hazy altar of Hepliaklqana.
    88 | D        | Found an opulent altar of Gozag.
    89 | D        | Found a glowing golden altar of the Shining One.
    89 | D        | Found a glowing silver altar of Zin.
    89 | D        | Found a basalt altar of Yredelemnul.
    89 | D        | Found a shimmering altar of Xom.
    89 | D        | Found an ornate altar of the Wu Jian Council.
    89 | D        | Found a sacrificial altar of Ru.
    89 | D        | Found a stormy altar of Qazlal.
    89 | D        | Found an iron altar of Okawaru.
    89 | D        | Found a sparkling altar of Nemelex Xobeh.
    89 | D        | Found a burning altar of Makhleb.
    89 | D        | Found a blossoming altar of Fedhas.
    89 | D        | Found a white marble altar of Elyvilon.
    89 | D        | Found a shadowy altar of Dithmenos.
    89 | D        | Found a snail-covered altar of Cheibriados.
   122 | D        | Reached ** piety under Trog
   139 | D        | Reached *** piety under Trog
   151 | D        | Reached **** piety under Trog
   286 | D        | Noticed an ice beast
   287 | D        | Reached skill level 8 in Axes
   287 | D        | Reached XP level 5. HP: 51/55 MP: 4/4
   287 | D        | Reached ***** piety under Trog
   294 | D        | Reached skill level 9 in Axes
   294 | D        | Reached skill level 5 in Armour
   298 | D        | Killed an ice beast
   298 | D        | Received a gift from Trog
   298 | D        | Reached skill level 10 in Fighting
   298 | D        | Reached skill level 10 in Axes
   298 | D        | Reached skill level 5 in Dodging
   298 | D        | Reached XP level 6. HP: 28/66 MP: 5/5
   309 | D        | Reached skill level 11 in Axes
   309 | D        | Mangled by a mummy

Illustrated notes

Levels and vault maps discovered:
D:        pitsprint [storerooms_1, entrance_room_1, metal_vault_6, armoury_2,
          mini_pit_1, grid_room_1, main_hall_1, silver_pit, the_coven_3,
          the_vestibule_1, steel_vault_2, golden_pit, hallway_of_sentries,
          crystal_vault_2, iron_vault_5, final_vault]

Skill      XL: |  1  2  3  4  5  6 |
---------------+-------------------+-----
Fighting       | 7 8 10 | 10.9
Axes           | 7 8 10 11 | 11.4
Armour         | 4 5 |  5.9
Dodging        | 3 4 5 |  5.5

Action                   |  1- 3 |  4- 6 || total
-------------------------+-------+-------++-------
Melee: Hand axe          |     2 |    34 ||    36
       Headbutt          |     1 |     3 ||     4
Invok: Berserk           |       |     1 ||     1
  Use: Potion            |     1 |       ||     1
Dodge: Dodged            |       |    18 ||    18

Table legend: (Time is in decaauts)
 A = Elapsed time spent in this place.
 B = Non-inter-level travel time spent in this place.
 C = Inter-level travel time spent in this place.
 D = Time resting spent in this place.
 E = Time spent auto-exploring this place.
 F = Levels seen in this place.
 G = Mean time per level.
                   A        B        C        D        E       F      G
               +--------+--------+--------+--------+--------+-----+--------+
         Total |    314 |    314 |      0 |     71 |    112 |   1 |  314.0 |
       Dungeon |    314 |    314 |      0 |     71 |    112 |   1 |  314.0 |
               +--------+--------+--------+--------+--------+-----+--------+

Top non-repeatable levels by time:
       D: 314 daAuts
